 Dungeon Crawl Stone Soup version 0.24.0-1-gfbc8707 (webtiles) character file.

Game seed: 402410807113313695, levelgen mode: deterministic

276 BoppinsLewinski the Skirmisher (level 6, -2/48 HPs)
             Began as a Demonspawn Fighter on Nov 3, 2019.
             Killed from afar by an orc wizard (9 damage)
             ... with a magic dart
             ... on level 4 of the Dungeon.
             The game lasted 00:08:30 (4780 turns).

BoppinsLewinski the Skirmisher (Demonspawn Fighter) Turns: 4780, Time: 00:08:31

Health: -2/48      AC:  6    Str: 18    XL:     6   Next: 4%
Magic:  6/6        EV: 10    Int:  9    God:
Gold:   183        SH:  0    Dex: 13    Spells: 5/5 levels left

rFire    . . .     SeeInvis .   c - +0 halberd
rCold    . . .     Gourm    .   (shield currently unavailable)
rNeg     . . .     Faith    .   b - +0 scale mail
rPois    .         Spirit   .   (no helmet)
rElec    .         Reflect  .   (no cloak)
rCorr    .         Harm     .   (no gloves)
MR       .....                  (no boots)
Stlth    +.........             (no amulet)
HPRegen  0.16/turn              (no ring)
MPRegen  0.10/turn              (no ring)

@: very slightly contaminated, invisible
A: demonic guardian 1, nightstalker 1
a: no special abilities


You were on level 4 of the Dungeon.
You were hungry.

You visited 1 branch of the dungeon, and saw 4 of its levels.

You collected 183 gold pieces.

Inventory:

Hand Weapons
 c - a +0 halberd (weapon)
Armour
 b - a +0 scale mail (worn)
Jewellery
 i - a +2 ring of strength {unknown}
 p - an uncursed amulet of the acrobat {unknown}
Wands
 q - a wand of enslavement (7)
Scrolls
 d - a scroll of random uselessness {unknown}
 e - 2 scrolls of magic mapping
 g - 2 scrolls of teleportation
 h - 3 scrolls of identify
 j - 3 scrolls of remove curse
 l - 2 scrolls of enchant armour {unknown}
Potions
 a - a potion of flight
 m - 3 potions of mutation
 n - a potion of berserk rage {unknown}
Comestibles
 f - 6 rations


   Skills:
 + Level 3.9 Fighting
 * Level 3.9 Polearms
 + Level 3.6 Armour
 + Level 2.2 Dodging
   Level 2.6 Shields


You had 5 spell levels left.
You didn't know any spells.
Your spell library was empty.

Dungeon Overview and Level Annotations

Branches:
Dungeon (4/15)
 Temple: D:4-7

Altars:
Ashenzari
Fedhas
Kikubaaqudgha
Uskayaw
Vehumet
Yredelemnul


Innate Abilities, Weirdness & Mutations

A weak demonic guardian rushes to your aid.
You are slightly more attuned to the shadows.


Message History

Your white imp disappears in a puff of smoke!
Something hits you but does no damage.
The orc wizard points at you and mumbles some strange words.
The magic dart hits you! Something hits you but does no damage.
The orc wizard gestures at you while chanting.
The magic dart hits you!
* * * LOW HITPOINT WARNING * * *
You fade into invisibility!
The orc wizard hits you but does no damage.
Something hits you but does no damage.
You are very lightly contaminated with residual magic.
You hit the orc wizard.
The orc wizard is almost dead.
You hear some strange, mumbled words.
A puff of frost appears from out of thin air!
The puff of frost hits you.
* * * LOW HITPOINT WARNING * * *
The orc wizard gestures at you while chanting.
The magic dart hits you!
You die...

#♣.♣.♣.♣.♣.####
#.....
#...###......#
##.#..#
....####.###.###
#..##..
.........###...##
#######
..###...###.....#..
#>. ###.##........#
#.. #.......#..##
..... #...##.o# .#
.....# #..###@.#
###.. #..## #{.#
##. #..# #..# #
(... #..# .... ....
..... .....


You could see an orc wizard.

Vanquished Creatures
  An orc wizard (D:4)
  Jessica (D:2)
  2 worker ants (D:4)
  3 gnolls (D:2)
  An adder (D:3)
  An ooze (D:1)
  3 worms
  2 dart slugs
  A leopard gecko (D:3)
  6 orcs
  7 giant cockroaches
  9 goblins
  6 hobgoblins
  6 jackals (D:1)
  9 kobolds
  A quokka (D:3)
  A ball python (D:1)
  12 bats
  3 frilled lizards
  7 rats
82 creatures vanquished.

Vanquished Creatures (collateral kills)
  An orc priest (D:3)
  An orc wizard (D:4)
  A leopard gecko (D:4)
  2 orcs (D:3)
  A goblin (D:2)
6 creatures vanquished.

Grand Total: 88 creatures vanquished

Notes
Turn   | Place    | Note
-------+----------+-------------------------------------------
     0 | D:1      | BoppinsLewinski the Demonspawn Fighter began the quest for
                  | the Orb.
     0 | D:1      | Reached XP level 1. HP: 18/18 MP: 1/1
    52 | D:1      | Gained mutation: A weak demonic guardian rushes to your
                  | aid. [demonic ancestry]
    52 | D:1      | Reached XP level 2. HP: 17/24 MP: 2/2
   100 | D:1      | Found a shattered altar of Ashenzari.
   590 | D:1      | Reached XP level 3. HP: 24/29 MP: 3/3
   614 | D:1      | Reached skill level 1 in Dodging
  1486 | D:2      | Found an ancient bone altar of Kikubaaqudgha.
  1670 | D:2      | Gained mutation: You are slightly more attuned to the
                  | shadows. [demonic ancestry]
  1670 | D:2      | Reached XP level 4. HP: 32/35 MP: 4/4
  1976 | D:2      | Found a hide-covered altar of Uskayaw.
  1986 | D:2      | Found a blossoming altar of Fedhas.
  1987 | D:2      | Found a basalt altar of Yredelemnul.
  2204 | D:2      | Noticed Jessica
  2213 | D:2      | Killed Jessica
  2374 | D:3      | Found a radiant altar of Vehumet.
  2702 | D:3      | Reached XP level 5. HP: 14/42 MP: 5/5
  4771 | D:4      | Reached XP level 6. HP: 34/48 MP: 6/6
  4780 | D:4      | Killed from afar by an orc wizard

Levels and vault maps discovered:
D:1:      giann_horns, layout_loops_corners, chequers_arboretum,
          ashenzari_altar_1
D:2:      layout_basic, marbit_many_paths, minitemple, first_ration,
          uniq_jessica
D:3:      layout_loops_corners, old_standard_altar, minmay_puff
D:4:      layout_layer_cave, kennysheep_mini, serial_forest,
          infiniplex_forest_end_3, infiniplex_forest_straight_2,
          infiniplex_forest_lined_3, infiniplex_forest_straight_4,
          infiniplex_forest_straight_5, infiniplex_forest_end_1,
          infiniplex_forest_lined_4_way, infiniplex_forest_lined_2,
          infiniplex_forest_lined_2, minmay_manual_mullet

Skill      XL: |  1  2  3  4  5 |
---------------+----------------+-----
Polearms       | 2 3 |  3.9
Dodging        | 1 2 |  2.2
Armour         | 3 |  3.6
Fighting       | |  3.9
Shields        | |  2.6

Action                   |  1- 3 |  4- 6 || total
-------------------------+-------+-------++-------
Melee: Trident           |   174 |     4 ||   178
       Halberd           |       |   183 ||   183
Evoke: Wand              |       |     1 ||     1
  Use: Potion            |     3 |     3 ||     6
       Scroll            |       |     6 ||     6
 Stab: Sleeping          |       |     2 ||     2
  Eat: Chunk             |     2 |    10 ||    12
Armor: Scale mail        |    85 |    80 ||   165
Dodge: Dodged            |    96 |   112 ||   208
